[Event "1st FIDE Olympiad DIS 2023"]
[Site "Belgrade"]
[Date "2023.02.01"]
[Round "3.1"]
[White "Zaynidinov, Sirojiddin"]
[Black "Kevorkov, Artur"]
[Result "1-0"]
[ECO "D53"]
[WhiteElo "2042"]
[BlackElo "2158"]
[Annotator "TA"]
[PlyCount "117"]
[EventDate "2023.01.30"]
[EventType "team-tourn"]
[EventCountry "SRB"]
[SourceTitle "playchess.com"]
[Source "ChessBase"]
[SourceQuality "1"]
[WhiteTeam "Uzbekistan"]
[BlackTeam "Germany"]
[WhiteTeamCountry "UZB"]
[BlackTeamCountry "GER"]
[TimeControl "40/5400+30:1800+30"]

1. Nf3 Nf6 2. c4 c6 3. Nc3 d5 4. d4 e6 5. Bg5 Be7 6. e3 Qa5 7. Bxf6 {[%emt 0:07:00] D53: Queen's Gambit Declined: 4 Bg5 Be7: Early deviations.} Bxf6 8. Bd3 dxc4 9. Bxc4 {[%emt 0:00:33] The position is equal.} O-O 10. O-O Nd7 11. Rc1 {[%emt 0:05:16] [#]} Rd8 $146 ({Predecessor:} 11... e5 12. Ne4 exd4 13. Nxf6+ Nxf6 14. Qxd4 Bg4 15. Qe5 Qb6 16. b3 Rae8 17. Qg3 Qa5 18. Ra1 Rd8 19. Qe5 Qa3 {½-½ Nene,T (1925)-Obanuta,D (1982) Pretoria Capablanca B 2018 (6)}) 12. Ne4 Be7 13. Qc2 h6 14. a3 Qc7 15. Ba2 Nf6 16. Rfd1 Bd7 17. Ne5 Nxe4 18. Qxe4 Bf6 19. Ng4 {[%emt 0:04:42] White is much more active.} Be7 20. Ne5 Bf6 $1 21. f4 Be8 22. Ng4 Qe7 23. Bb1 {[%emt 0:01:13] [#] Threatening mate with Qh7+.} (23. Rf1 {simplifies} Kh8 24. Nxf6 Qxf6 25. f5) 23... g6 24. Nxh6+ (24. Nxf6+ {simplifies} Qxf6 25. Qf3 Rac8 26. Be4) 24... Kg7 (24... Kf8 $14) 25. Ng4 $36 {[%emt 0:00:19][%mdl 2048] White is on the roll.} Rd5 26. Ne5 (26. Qf3 $142) 26... Rad8 (26... c5 $142) 27. Rf1 Rb5 28. Rf2 (28. b4 $142) 28... Bxe5 (28... c5 $16 {keeps fighting.}) 29. fxe5 $18 c5 30. Qf4 {[%emt 0:02:41] Against Qg5} cxd4 31. exd4 {[%emt 0:00:22] aiming for Rc3.} Rbd5 32. Rd2 f6 {[%emt 0:02:30] [#]} 33. Rc7 $3 {[%emt 0:08:20][%mdl 576] Deflection} R8d7 (33... R5d7 34. Rxd7) 34. exf6+ Qxf6 35. Rxd7+ Bxd7 36. Qxf6+ Kxf6 $16 {[%emt 0:00:02][%mdl 4096] Endgame KRB-KRB} 37. Be4 Rb5 38. Rf2+ Kg7 39. Rc2 {[%emt 0:00:46] Wards off Bc6. Rc7 is the strong threat.} Kf6 40. Rc7 Bc6 41. Bxc6 bxc6 42. Rxc6 $18 {[%emt 0:03:51] KR-KR} Rd5 (42... a5 $142 43. Rc2 g5) 43. Rc4 Kf5 $2 (43... a5 44. Kf2 Rf5+ 45. Ke3 Rf1) 44. Rc5 Ke4 45. Rxd5 exd5 {[%emt 0:00:00] KP-KP} 46. Kf2 Kxd4 47. Ke2 a5 48. h4 Kc4 49. g4 Kb3 50. Kd3 Kxb2 51. h5 gxh5 52. gxh5 Kxa3 {[%emt 0:00:00] KPP-KP. White mates.} 53. h6 Ka2 54. h7 a4 55. h8=Q a3 56. Kc2 d4 57. Qg8+ Ka1 58. Qb3 d3+ 59. Kc3 {[%emt 0:00:00] Weighted Error Value: White=0.13 (very precise) /Black=0.16 (very precise)} 1-0

[Event "1st FIDE Olympiad DIS 2023"]
[Site "Belgrade"]
[Date "2023.02.01"]
[Round "3.2"]
[White "Obodchuk, Andrei"]
[Black "Molenda, Marcin"]
[Result "0-1"]
[ECO "D27"]
[WhiteElo "2317"]
[BlackElo "2381"]
[Annotator "TA"]
[PlyCount "136"]
[EventDate "2023.01.30"]
[EventType "team-tourn"]
[EventCountry "SRB"]
[SourceTitle "playchess.com"]
[Source "ChessBase"]
[SourceQuality "1"]
[WhiteTeam "FID"]
[BlackTeam "Poland"]
[BlackTeamCountry "POL"]
[TimeControl "40/5400+30:1800+30"]

1. d4 Nf6 2. c4 e6 3. Nf3 d5 4. Nc3 dxc4 5. e3 a6 6. Bxc4 b5 7. Be2 Bb7 8. O-O c5 9. dxc5 Qxd1 10. Rxd1 Bxc5 11. b3 {[%emt 0:01:16] D27: Queen's Gambit Accepted: Classical main line: 7 e4!? and 7 a4.} Nbd7 12. Bb2 Ke7 {[%emt 0:03:28] [#]} 13. Nd2 $146 {[%emt 0:14:11] The position is equal.} ({Predecessor:} 13. Rac1 Rac8 14. Nd4 g6 15. a3 e5 16. Nf3 Rhd8 17. b4 Bd6 18. Nd2 {½-½ Gunina,V (2427)-Timofeev,A (2594) Titled Tuesday intern op 26th Jan blitz 2021 (6)}) 13... Rhc8 14. Bf3 Bxf3 15. Nxf3 Bd6 16. Rac1 Ne5 17. Nxe5 Bxe5 18. Nd5+ {[%emt 0:02:01][%mdl 64] [#] Discovered Attack} Nxd5 19. Bxe5 f6 20. Bb2 Rxc1 21. Rxc1 $11 {[%emt 0:00:14][%mdl 4096] Endgame KRB-KRN} Rd8 22. Kf1 e5 23. Ke2 Kd7 24. Rd1 Ke6 25. a3 Rc8 26. Rc1 Rxc1 27. Bxc1 {[%emt 0:00:06] KB-KN} e4 28. Bb2 g6 29. g4 (29. f3 $11) 29... h5 (29... f5 $15) 30. h3 {[%emt 0:01:23] [#]} (30. gxh5 $11 {remains equal.} gxh5 31. Bd4) 30... f5 ({Black should play} 30... hxg4 $1 $17 31. hxg4 Ne7) 31. gxh5 gxh5 32. f3 Ne7 33. fxe4 fxe4 34. Bc3 Nd5 35. Bd2 Kf5 36. Kf2 Kg5 37. Kg2 Ne7 38. Kg3 Nf5+ 39. Kg2 Kf6 40. Kf2 Ke6 41. Be1 Kd5 42. Bb4 Ke6 43. Ba5 Kf6 44. Bd8+ Kg6 45. Ba5 Ng7 46. Kg3 Ne6 47. Bb4 Kg5 48. Be7+ Kg6 49. Bb4 Kh6 50. Kh4 Nc7 51. Kg3 Nd5 52. Bd2 Kg5 53. Kg2 h4 54. Kf2 Ne7 55. Ke2 Nc6 56. Bc3 Nd8 57. Bb4 Nf7 58. Kd2 Ne5 59. Be7+ Kh5 60. Kc3 Nf3 61. a4 Ng1 62. axb5 axb5 63. Kd4 Nxh3 {[%emt 0:00:00] And now ...Nf2 would win.} 64. Kxe4 Ng5+ 65. Kd5 $2 {[%emt 0:00:00][%mdl 8192] Loses the game.} (65. Kf4 $11 Nf7 66. Bxh4 Kxh4 67. Ke4) 65... h3 66. Bd6 Kg4 {[%emt 0:00:00] ( -> ...Kf3). Black is clearly winning.} 67. Bh2 Kf3 {[%emt 0:00:00][%cal Og5e4] aiming for ...Ne4!} 68. Kc5 Kg2 {[%emt 0:00:00] Weighted Error Value: White=0.07 (flawless) /Black=0.04 (flawless)} 0-1

[Event "1st FIDE Olympiad DIS 2023"]
[Site "Belgrade"]
[Date "2023.02.01"]
[Round "3.2"]
[White "Koessler, Wolfgang"]
[Black "Mamarajabov, Sardorbek"]
[Result "1/2-1/2"]
[ECO "B43"]
[WhiteElo "1746"]
[BlackElo "1712"]
[Annotator "NA RC COMBH"]
[PlyCount "151"]
[EventDate "2023.01.30"]
[EventType "team-tourn"]
[EventCountry "SRB"]
[SourceTitle "playchess.com"]
[Source "ChessBase"]
[SourceQuality "1"]
[WhiteTeam "Germany"]
[BlackTeam "Uzbekistan"]
[WhiteTeamCountry "GER"]
[BlackTeamCountry "UZB"]
[TimeControl "40/5400+30:1800+30"]

1. e4 c5 2. Nf3 e6 3. Nc3 a6 4. d4 cxd4 5. Nxd4 Qc7 6. g3 Bb4 7. Nde2 Nf6 8. Bg2 Nc6 9. O-O Bc5 10. h3 b5 11. Kh2 Bb7 12. f4 h5 13. Bf3 Na5 14. Qd3 Rc8 15. Kg2 b4 16. e5 bxc3 17. exf6 gxf6 18. Qxc3 Be7 19. Qxc7 Rxc7 20. Bxb7 Nxb7 21. c3 f5 22. Be3 Nd6 23. b3 Ne4 24. c4 Rg8 25. Kf3 Bc5 26. Rg1 Ke7 27. Rad1 d6 28. g4 hxg4+ 29. hxg4 Rh8 30. Bxc5 dxc5 31. gxf5 exf5 32. Rd5 Rh3+ 33. Kg2 Re3 34. Kf1 Kf6 35. Rg2 Rc8 36. Rh2 Rg8 37. Rh5 Ng3+ 38. Nxg3 Rgxg3 39. Rhxf5+ Ke6 40. Rfe5+ Rxe5 41. Rxe5+ Kd6 42. Rf5 Ke7 43. Rxc5 Rf3+ 44. Ke2 Rxf4 45. Rc6 a5 46. Rc5 a4 47. Ra5 axb3 48. axb3 Kd6 49. Ke3 Rh4 50. Rf5 Ke6 51. Rb5 Kd6 52. Rf5 Ke6 53. Rf3 f5 54. Kd3 Ke5 55. Re3+ Kd6 56. b4 Rg4 57. b5 Rg1 58. Rf3 Ke5 59. c5 Rc1 60. c6 Rc5 61. Rf2 Rxb5 62. c7 Rd5+ 63. Kc4 Rd4+ 64. Kb5 Rd5+ 65. Kb6 Rd6+ 66. Kb7 Rd7 67. Kb8 Rxc7 68. Kxc7 f4 69. Kc6 Ke4 70. Kc5 Ke3 71. Rf1 f3 72. Ra1 f2 73. Kc4 Ke2 74. Ra2+ Ke3 75. Ra1 Ke2 76. Kd4 1/2-1/2

[Event "1st FIDE Olympiad DIS 2023"]
[Site "Belgrade"]
[Date "2023.02.01"]
[Round "3.3"]
[White "Piekielny, Pawel"]
[Black "Morales Santos, Natasha"]
[Result "1-0"]
[ECO "B72"]
[WhiteElo "2230"]
[BlackElo "1893"]
[Annotator "TA"]
[PlyCount "129"]
[EventDate "2023.01.30"]
[EventType "team-tourn"]
[EventCountry "SRB"]
[SourceTitle "playchess.com"]
[Source "ChessBase"]
[SourceQuality "1"]
[WhiteTeam "Poland"]
[BlackTeam "Puerto Rico"]
[WhiteTeamCountry "POL"]
[BlackTeamCountry "PUR"]
[TimeControl "40/5400+30:1800+30"]

1. e4 c5 2. Nf3 d6 3. d4 cxd4 4. Nxd4 Nf6 5. Nc3 g6 6. Be3 Nc6 {[%emt 0:00:27] B72: Sicilian Dragon: 6 Be3, lines with h3+Bc4 and sidelines.} 7. f3 {[%emt 0:01:44] Wards off Ng4} h5 8. Bc4 Bd7 {[%emt 0:01:07] White is slightly better.} 9. O-O Bg7 {[%emt 0:02:24] [#]} 10. Nxc6 $146 ({Predecessor:} 10. Qd2 Ne5 11. Bb3 h4 12. Nd5 h3 13. g3 Nxd5 14. Bxd5 Qc7 15. Rac1 a5 16. b3 e6 {0-1 Fraser,W-Marturano,M (1939) ITA-AUS/NZL email 2013 [48]}) 10... Bxc6 11. Qe1 O-O 12. Qg3 Kh7 13. Rad1 Qa5 14. Bb3 b5 15. Rfe1 b4 16. Nd5 Nxd5 17. exd5 (17. Bxd5 Bxd5 18. Rxd5 Qxa2 $19) 17... Ba4 18. Bd4 Bxb3 19. axb3 Bxd4+ 20. Rxd4 Qc5 21. Qf2 Rac8 22. Rxe7 Qxc2 23. Qxc2 (23. Rxa7 $2 Qb1+ 24. Qf1 Rc1 $19) 23... Rxc2 24. Rxb4 Rxb2 $11 {[%emt 0:03:23][%mdl 4096] Endgame KRR-KRR} 25. Rbb7 Kg8 26. h4 Rd2 27. Rxa7 Rxd5 28. Kf2 Rd2+ 29. Kg3 d5 30. Red7 d4 31. Ra4 Rb8 32. Raa7 Rf8 33. b4 d3 34. Rab7 Rd1 35. Kf4 Rg1 36. g3 Rc8 37. Rxf7 {[%emt 0:02:44] Hoping for Kg5.} (37. Ke3 $5 ) 37... d2 38. Rg7+ Kh8 $2 {[%emt 0:00:17][%mdl 8192] Black is on the road to losing.} (38... Kf8 $11 39. Rh7 g5+ 40. Ke3 (40. Kxg5 Rxg3+ 41. Kf6 Rxf3+ 42. Kg5 Rg3+ 43. Kf6 Rf3+ 44. Kg6 Rg3+ 45. Kf6 Rf3+ $11) (40. hxg5 Kg8 $11) 40... d1=N+ 41. Kd4 Kg8) 39. Rh7+ (39. Kg5 $142 d1=Q 40. Rh7+ Kg8 41. Rbg7+ Kf8 42. Kh6 (42. Rf7+ $2 Ke8 $19) 42... Qc1+ 43. f4 Qxf4+ 44. gxf4 Rh1 45. Rh8#) 39... Kg8 $18 40. Rbg7+ (40. Kg5 $142 Rc6 41. Rhd7 Rxg3+ 42. Kf4 Rxf3+ {[%mdl 64] Decoy} 43. Kxf3 Rf6+ 44. Kg3 Rf7 45. Rd8+ (45. Rxf7 d1=Q $11) 45... Rf8 46. Rxf8+ Kxf8 47. Rd7) 40... Kf8 41. Rd7 $2 (41. Rf7+ $18 Kg8 42. Rfg7+ Kf8 43. Kg5) 41... Kg8 $2 (41... d1=R $2 42. Rh8#) (41... Rc4+ 42. Kg5 (42. Ke5 Kg8 $11) 42... Rxg3+ 43. Kh6 Ke8 44. Rb7 Rxf3 45. Rb8+) (41... g5+ $11 42. Ke3 (42. Kxg5 Kg8 $11) 42... d1=N+ 43. Kd4 (43. Rxd1 $2 Re8+ 44. Kd2 Rd8+ 45. Ke2 Rgxd1 $19) 43... Kg8) 42. Rdg7+ (42. Rhg7+ Kf8 $16) (42. Kg5 $142 Rc6 43. Rhg7+ Kf8 44. Rdf7+ (44. Rxg6 $2 Rxg3+ 45. Kxh5 Rcxg6 $19) 44... Ke8 45. Rb7 (45. Re7+ Kd8 $16)) 42... Kf8 43. Kg5 $1 {[%emt 0:02:04][%cal Og5h6] Threatening mate with Kh6!} Rc6 44. Rd7 Kg8 {[%emt 0:00:00] Prevents Rh8+} 45. Rdg7+ (45. Rhg7+ $142 Kf8 46. Rdf7+ (46. Rxg6 Rxg3+ 47. Kxh5 Rcxg6 $19) 46... Ke8 47. Ra7 (47. Re7+ Kd8 $16)) 45... Kf8 46. Ra7 Rxg3+ 47. Kh6 g5+ 48. Kxh5 Kg8 {[%emt 0:01:03] [#]} 49. Rhd7 $2 (49. hxg5 d1=Q 50. Rhg7+ Kf8 51. Raf7+ Ke8 52. Re7+ Kd8 53. Rd7+ Qxd7 54. Rxd7+ Kxd7 55. f4 Ke6 56. Kg6 Rb6 57. b5 Rxb5 58. Kg7 Rb8 59. Kg6 Rg8+ 60. Kh7 Kf7 61. g6+ R8xg6 62. Kh8 Rh6#) ({White has to play} 49. Rag7+ $1 $18 Kf8 50. Rd7 (50. Rxg5 Rxg5+ 51. Kxg5 d1=Q 52. Rh8+ Kg7 53. Re8 Qd2+ 54. Kg4 Rf6 55. Re7+ Kf8 56. Kh3 Kxe7 57. f4 Rg6 58. h5 Qg2+ 59. Kh4 Qh2#)) 49... Rxf3 $2 (49... Rc8 $11) 50. Ra8+ ({Less strong is} 50. Rxd2 gxh4 51. b5 (51. Kxh4 Rc4+ 52. Kh5 Rxb4 $11) 51... Rb6 $14) 50... Rf8 51. Rxf8+ Kxf8 52. hxg5 {[%emt 0:00:10] KR-KR} ({Stronger than} 52. Rxd2 gxh4 53. Rh2 (53. Kxh4 Ke7 $11) 53... Rc4 $11) 52... Rb6 53. Rxd2 Rxb4 {[%emt 0:00:47] White mates.} 54. Kh6 Rb8 {[%emt 0:02:35] [#]} 55. Kh7 $1 Rb7+ 56. Kh8 Kf7 57. Rd6 Rb5 58. g6+ Ke7 59. Ra6 Rh5+ 60. Kg8 Rh6 61. Ra7+ Ke8 62. g7 Rh1 63. Ra4 Re1 64. Rh4 Ke7 65. Kh7 {[%emt 0:00:06] Weighted Error Value: White=0.53/Black=0.18 (very precise)} 1-0

[Event "1st FIDE Olympiad DIS 2023"]
[Site "Belgrade"]
[Date "2023.02.01"]
[Round "3.3"]
[White "Shayusupov, Marsel"]
[Black "Dorner, Matthias"]
[Result "0-1"]
[ECO "D16"]
[WhiteElo "1580"]
[BlackElo "2180"]
[Annotator "TA"]
[PlyCount "70"]
[EventDate "2023.01.30"]
[EventType "team-tourn"]
[EventCountry "SRB"]
[SourceTitle "playchess.com"]
[Source "ChessBase"]
[SourceQuality "1"]
[WhiteTeam "Uzbekistan"]
[BlackTeam "Germany"]
[WhiteTeamCountry "UZB"]
[BlackTeamCountry "GER"]
[TimeControl "40/5400+30:1800+30"]

1. d4 d5 2. c4 c6 3. Nf3 Nf6 4. Nc3 dxc4 5. a4 e6 6. e3 Bb4 7. Bxc4 Nbd7 {[%emt 0:03:43] D16: Slav Defence: 5 a4: Lines with 5...Bg4 and 5...Na6.} 8. O-O O-O 9. Qc2 Qc7 {[%emt 0:03:38] White has an edge.} 10. Bd2 a5 {[%emt 0:00:33][%cal Ba7a5,Ba5b4][%mdl 32] [#]} 11. Rae1 $146 (11. Bb3 {is more complex.} e5 12. Rfe1 exd4 13. exd4 Nb6 14. h3) ({Predecessor:} 11. Rac1 b6 12. Bd3 Bb7 13. e4 g6 14. e5 Bxc3 15. bxc3 {1-0 Arkell,K (2414)-Grigoryan,M (2020) High Wycombe e2e4 op 03 2012 (1)}) 11... b6 12. Ne4 Nxe4 13. Bxb4 axb4 14. Qxe4 Ra5 (14... Rxa4 $15 15. Ra1 Rxa1 16. Rxa1 Bb7) 15. Rc1 Bb7 16. Qh4 Qd8 17. Qf4 Qb8 18. Qh4 h6 19. b3 Qd8 20. Qf4 Qb8 21. Qh4 Qd8 22. Qf4 Rf5 23. Qg3 (23. Qd6 $142) 23... c5 $11 {[%emt 0:00:23] [#] Threatens to win with ...Bxf3.} 24. Bd3 Rh5 25. Be2 Nf6 26. Rfd1 Qa8 27. h4 Rf5 (27... Ne4 $17 28. Qg4 Nf6) 28. Qh3 (28. Bd3 $11) 28... Be4 (28... Rc8 $15) 29. Ne1 Bb7 30. f3 {[%emt 0:00:41] Dodges Ne4} (30. g4 $5 Rd5 $8 31. Bf3 $11) 30... Nd5 (30... cxd4 $11 31. Rxd4 Rd5) 31. g4 $1 $14 Rf6 32. f4 $2 {[%emt 0:01:29] [#]} ({White must play} 32. g5 $1 $11 Rf5 33. e4) 32... Nc3 $36 {[%emt 0:00:55][%mdl 2048] Black has strong initiative.} 33. Rd2 cxd4 34. exd4 $2 (34. g5 {is a better chance.} Nxe2+ 35. Rxe2) 34... Rxf4 $19 35. Qe3 Re4 {[%emt 0:02:08] Weighted Error Value: White=0.51/Black=0.20 (precise)} 0-1

[Event "1st FIDE Olympiad DIS 2023"]
[Site "Belgrade"]
[Date "2023.02.01"]
[Round "3.4"]
[White "Rosikhin, Igor"]
[Black "Dukaczewski, Piotr"]
[Result "0-1"]
[ECO "B23"]
[WhiteElo "1856"]
[BlackElo "2131"]
[Annotator "TA"]
[PlyCount "70"]
[EventDate "2023.01.30"]
[EventType "team-tourn"]
[EventCountry "SRB"]
[SourceTitle "playchess.com"]
[Source "ChessBase"]
[SourceQuality "1"]
[WhiteTeam "Belarus"]
[BlackTeam "Poland"]
[WhiteTeamCountry "BLR"]
[BlackTeamCountry "POL"]
[TimeControl "40/5400+30:1800+30"]

1. e4 c5 2. Nc3 Nc6 3. f4 g6 4. Nf3 Bg7 5. Bb5 Nd4 6. O-O Nxb5 7. Nxb5 d6 8. d3 a6 $1 {[%emt 0:00:28][%mdl 4] is more profitable than 8...Nf6 at the moment.} 9. Nc3 b5 {[%emt 0:00:37] B23: Closed Sicilian: Lines without g3.} 10. Qe1 Bb7 {[%emt 0:00:38] [#]} 11. e5 $146 ({Predecessor:} 11. f5 Nf6 12. Qh4 h6 13. fxg6 fxg6 14. e5 dxe5 15. Nxe5 g5 16. Qg3 Qd4+ 17. Be3 {½-½ Tari,A (2660)-Bacrot,E (2642) Titled Tuesday intern op 01st Feb-A blitz 2022 (4)}) 11... Nh6 {[%emt 0:05:39] Black is slightly better.} 12. exd6 Qxd6 13. Ne4 Qc7 14. c3 Rd8 15. Qe2 O-O 16. Be3 c4 17. Nc5 cxd3 18. Nxd3 Qc4 19. Nd4 {[%emt 0:08:59] [#]} (19. Rad1 $142) 19... Bxd4 $1 $17 20. cxd4 {[%emt 0:02:50] White is weak on the light squares} Nf5 $36 {[%emt 0:04:43][%cal Bh6f5,Bf5d4,Bd4e2][%mdl 2080] Keeping White busy. Black is more active.} 21. b3 Nxd4 22. bxc4 Nxe2+ {[%emt 0:00:10][%mdl 64] Discovered Attack} 23. Kf2 Rxd3 24. Kxe2 bxc4 25. g3 (25. Rfd1 $17) 25... Bc8 $19 26. Rfc1 Bg4+ 27. Kf2 Rb8 {[%emt 0:05:29] aiming for ...Rb2+.} 28. Rc2 {[%emt 0:02:00] Inhibits Rb2.} (28. Rab1 $142 Rc8 29. Rb4) 28... c3 {[%emt 0:03:58] White must now prevent ...Bd1.} 29. Rac1 {[%emt 0:02:00] [#]} Rc8 {[%emt 0:01:23] ...Bd1 would be deadly.} 30. a4 (30. Rb1 {keeps fighting.}) 30... Bd1 {[%emt 0:04:04] Black is clearly winning.} 31. Ra2 Rb8 32. a5 Rb5 33. Bb6 f6 34. Ke1 Bb3 35. Re2 Rbd5 {[%emt 0:00:00] White did not feel at home in the position after the opening.   Weighted Error Value: White=0.30/Black=0.07 (flawless)} 0-1

[Event "1st FIDE Olympiad DIS 2023"]
[Site "Belgrade"]
[Date "2023.02.01"]
[Round "3.4"]
[White "Mekus, Manuela"]
[Black "Kimsanboyev, Axadxon"]
[Result "0-1"]
[ECO "A07"]
[WhiteElo "1624"]
[BlackElo "1600"]
[Annotator "NA RC COMBH"]
[PlyCount "90"]
[EventDate "2023.01.30"]
[EventType "team-tourn"]
[EventCountry "SRB"]
[SourceTitle "playchess.com"]
[Source "ChessBase"]
[SourceQuality "1"]
[WhiteTeam "Germany"]
[BlackTeam "Uzbekistan"]
[WhiteTeamCountry "GER"]
[BlackTeamCountry "UZB"]
[TimeControl "40/5400+30:1800+30"]

1. Nf3 Nf6 2. g3 d5 3. d3 Bf5 4. Bg2 e6 5. O-O Be7 6. Nbd2 h6 7. c3 O-O 8. Ne5 Qd6 9. Ndf3 Nbd7 10. h3 Bh7 11. Nxd7 Qxd7 12. Ne5 Qd6 13. d4 c5 14. e3 Ne4 15. Bxe4 Bxe4 16. b3 cxd4 17. exd4 Rac8 18. c4 dxc4 19. Nxc4 Qc6 20. f3 Bh7 21. Be3 Qd5 22. Rc1 b5 23. Ne5 f6 24. Rxc8 Rxc8 25. Ng4 h5 26. Nh2 Bd8 27. Rf2 Bb6 28. Rd2 Ba5 29. Rf2 Rc3 30. Nf1 Bg6 31. Rd2 Rc8 32. Rf2 e5 33. f4 Rd8 34. f5 Be8 35. Qf3 Qxf3 36. Rxf3 exd4 37. Bd2 Bb6 38. b4 Bc6 39. Rb3 d3+ 40. Kh2 Re8 41. g4 h4 42. Ng3 hxg3+ 43. Kxg3 Bc7+ 44. Kh4 Kf7 45. Rxd3 Rh8+ 0-1

[Event "1st FIDE Olympiad DIS 2023"]
[Site "Belgrade"]
[Date "2023.02.01"]
[Round "3.5"]
[White "Soltanov, Serik"]
[Black "Sahin, Handenur"]
[Result "1/2-1/2"]
[ECO "D00"]
[WhiteElo "2266"]
[BlackElo "1915"]
[Annotator "TA"]
[PlyCount "21"]
[EventDate "2023.01.30"]
[EventType "team-tourn"]
[EventCountry "SRB"]
[SourceTitle "playchess.com"]
[Source "ChessBase"]
[SourceQuality "1"]
[WhiteTeam "Kazakhstan"]
[BlackTeam "Turkey"]
[WhiteTeamCountry "KAZ"]
[BlackTeamCountry "TUR"]
[TimeControl "40/5400+30:1800+30"]

1. d4 d5 2. Bg5 h6 3. Bh4 Nf6 4. e3 c5 5. c3 Nc6 {[%emt 0:02:58] The position is equal.} 6. Nd2 {[%emt 0:01:09] D00: 1 d4 d5: Unusual lines.} e5 7. dxe5 Nxe5 8. Ngf3 Nc6 9. Bb5 Be7 {[%emt 0:18:14] [#]} 10. Ne5 $146 ({Predecessor:} 10. O-O O-O 11. c4 Qb6 12. Qe2 Be6 13. Rac1 a6 14. Bxc6 bxc6 15. b3 {0-1 Timerkhanov,A (2401)-Gutenev,A (2455) RUS-chT Blitz 2021 (10.5)}) 10... Bd7 11. Nxd7 {[%emt 0:01:22] An uneventful encounter.   Weighted Error Value: White=0.00 (flawless) /Black=0.02 (flawless)} 1/2-1/2

[Event "1st FIDE Olympiad DIS 2023"]
[Site "Belgrade"]
[Date "2023.02.01"]
[Round "3.5"]
[White "Bjelanovic, Mile"]
[Black "Severino, Sander"]
[Result "0-1"]
[ECO "B15"]
[WhiteElo "2021"]
[BlackElo "2364"]
[Annotator "TA"]
[PlyCount "88"]
[EventDate "2023.01.30"]
[EventType "team-tourn"]
[EventCountry "SRB"]
[SourceTitle "playchess.com"]
[Source "ChessBase"]
[SourceQuality "1"]
[WhiteTeam "Serbia"]
[BlackTeam "Philippines"]
[WhiteTeamCountry "SRB"]
[BlackTeamCountry "PHI"]
[TimeControl "40/5400+30:1800+30"]

1. e4 c6 2. d4 d5 3. Nd2 dxe4 4. Nxe4 Nf6 5. Nxf6+ exf6 6. c3 Bd6 7. Bd3 O-O 8. Qc2 Re8+ {[%emt 0:01:27] B15: Caro-Kann: 3 Nc3: 3...g6 and 3...dxe4 4 Nxe4 Nf6 5 Nxf6+ exf6.} 9. Ne2 h5 10. O-O h4 {[%emt 0:05:04] White is slightly better.} 11. Bf4 Na6 $1 {[%emt 0:19:29] [#] 11...Na6 is better than 11...h3.} (11... Rxe2 $2 12. Qxe2 Bxf4 13. Qe4 $18) 12. g3 $146 ({Predecessor:} 12. Rae1 Nc7 13. Qd2 h3 14. Ng3 hxg2 15. Rxe8+ Nxe8 16. Re1 Be6 17. Bc2 Qd7 18. h4 {0-1 Kantans,T (2486)-Navara,D (2688) Olympiad-44 Chennai 2022 (2.1)}) 12... Nc7 13. Bxd6 ({Of course not} 13. gxh4 Rxe2 14. Qxe2 Bxf4 $17) 13... Qxd6 14. Nf4 Bg4 15. Bc4 Ne6 16. Nxe6 Bxe6 17. Bxe6 Rxe6 18. Rfe1 Rae8 19. Rxe6 Qxe6 $17 {[%emt 0:00:28][%mdl 4096] Endgame KQR-KQR} 20. c4 Qe2 {[%emt 0:01:36] Against Rd1} 21. Qc3 (21. Qxe2 $17 Rxe2 22. b3) 21... h3 $19 22. Rf1 {[%emt 0:01:52] White is weak on the light squares} a5 $40 {[%emt 0:01:20][%mdl 128] Black is out for blood.} 23. a4 $2 (23. b3) 23... f5 24. d5 cxd5 25. cxd5 Qe4 26. f3 Qxd5 (26... Qxa4 $2 {perishes.} 27. d6 $19) 27. Kf2 Qe6 {[%emt 0:02:07] Wards off Re1. ( -> ...Qb6+)} 28. Re1 (28. Kg1 $142 Qe2 29. Rf2 Qd1+ 30. Rf1 Qxa4 31. Qd3) 28... Qb6+ (28... Qxe1+ $142 29. Qxe1 Rxe1 30. Kxe1 Kf8) 29. Kf1 Rxe1+ {[%emt 0:00:39][%mdl 64] Deflection} 30. Qxe1 Qxb2 {[%emt 0:00:45][%csl Gh3][%cal Rb2g2] KQ-KQ} 31. Qe8+ Kh7 32. Qxf7 Qg2+ ({And not} 32... Qxh2 33. Qh5+ Kg8 34. Qe8+ Kh7 35. Qh5+ Kg8 36. Qe8+ Kh7 37. Qh5+ $11) 33. Ke1 Qxf3 {[%emt 0:00:07] ...Qh1+ is the strong threat.} 34. Kd2 Kh6 35. Qe6+ g6 $1 36. Qf6 {[%emt 0:01:27] Intending Qh8+ and mate.} Qd5+ $2 (36... Qe4 $1 $19 {Hoping for ...Kh5.} 37. Qh8+ Kg5 38. Qxh3 Qb4+ 39. Kc2 Qxa4+ 40. Kb2 Qd4+ 41. Kc2 Qe4+ 42. Kb3 b5) 37. Ke2 $2 {[%emt 0:00:38][%mdl 8192] Loses the game.} (37. Ke3 $17 Qe4+ 38. Kf2) 37... Kh7 $1 38. Qe7+ Kg8 {[%emt 0:00:15] And now ...Qe4+ would win.} 39. Qe8+ Kg7 $1 {[%emt 0:00:09] Threatens to win with ...g5.} 40. Qe7+ {[%emt 0:00:13] [#]} Qf7 $1 41. Qe5+ Qf6 42. Qxa5 {[%emt 0:01:32] [#]} (42. Qc7+ Kh6 43. Qxa5) 42... Qa6+ $1 {[%emt 0:00:45] Black is clearly winning.} 43. Qxa6 bxa6 44. Kf3 g5 {[%emt 0:00:07] Weighted Error Value: White=0.62/Black=0.19 (very precise)} 0-1